 Dungeon Crawl Stone Soup version 0.30-a0-808-g6e0788376e (webtiles) character file.

Game seed: 17902974750681896956

52 TaterTotHotdish the Sneak (level 4, -4/33 HPs)
             Began as a Human Brigand on Feb 26, 2023.
             Was an Initiate of Nemelex Xobeh.
             Slain by an ogre
             ... wielding a +0 giant club
              (14 damage)
             ... on level 3 of the Dungeon.
             The game lasted 00:09:59 (1132 turns).

TaterTotHotdish the Sneak (Human Brigand)           Turns: 1132, Time: 00:10:00

Health: -4/33      AC:  4    Str: 11    XL:     4   Next: 8%
Magic:  4/4        EV: 11    Int: 11    God:    Nemelex Xobeh [......]
Gold:   66         SH:  0    Dex: 17    Spells: 3/3 levels left

rFire   . . .      SeeInvis .    a - +2 dagger
rCold   . . .      Faith    .    (no shield)
rNeg    . . .      Spirit   .    k - +0 leather armour
rPois   .          Reflect  .    (no helmet)
rElec   .          Harm     .    c - +0 cloak
rCorr   .          Rampage  .    (no gloves)
Will    .....                    (no boots)
Stlth   +++                      (no amulet)
HPRegen 0.25/turn                (no ring)
MPRegen 0.09/turn                (no ring)

@: no status effects
A: no striking features
a: Renounce Religion, Draw Escape, Draw Destruction, Draw Summoning


You were on level 3 of the Dungeon.
You worshipped Nemelex Xobeh.
Nemelex Xobeh was noncommittal.
You visited 1 branch of the dungeon, and saw 3 of its levels.

You collected 66 gold pieces.

Inventory:

Hand Weapons
 a - a +2 dagger (weapon)
 l - a +1 dagger of protection
Missiles
 d - 2 poisoned darts (quivered)
 e - 3 curare-tipped darts
Armour
 b - a +0 robe
 c - a +0 cloak (worn)
 k - a +0 leather armour (worn)
Scrolls
 j - a scroll of fear {unknown}
 n - 2 scrolls of identify {unknown}
 o - a scroll of teleportation {unknown}
Potions
 f - a potion of degeneration {unknown}
 g - a potion of curing {unknown}
 h - 3 potions of mutation {unknown}
 i - 2 potions of attraction {unknown}
 m - a potion of heal wounds {unknown}


   Skills:
 + Level 2.2 Fighting
 + Level 2.4 Short Blades
 + Level 2.6 Throwing
 + Level 1.2 Dodging
 + Level 4.7 Stealth


You had 3 spell levels left.
You didn't know any spells.
Your spell library contained the following spells:

 Spells                   Type           Power      Damage    Failure   Level
 Ensorcelled Hibernation  Hex/Ice        0%         N/A       56%         2
 Passwall                 Tmut/Erth      0%         N/A       56%         2
 Swiftness                Air            0%         N/A       80%         3


Dungeon Overview and Level Annotations

Branches:
Dungeon (3/15)

Altars:
Ashenzari
Cheibriados
Nemelex Xobeh
Qazlal
Ru
Uskayaw
The Shining One

Annotations:
D:1 1 runed translucent door


Message History

The bat is heavily wounded.
The bat hits you but does no damage. x3
The ogre hits you with a +0 giant club!!
Ouch! That really hurt!
* * * LOW HITPOINT WARNING * * *
The bat hits you.
* * * LOW HITPOINT WARNING * * *
The bat barely misses you.
Throw: 3 darts (poison)
Press: ? - help, Q - select action, (/) - cycle Shift-Dir - straight line, f/p - ogre
Aim: an ogre, wielding a +0 giant club (76% to hit)
You throw a poisoned dart.
The poisoned dart barely misses the bat.
The poisoned dart hits the ogre.
The ogre is poisoned.
The bat hits you but does no damage. x2
The bat attacks as you move away! The bat closely misses you.
The bat barely misses you. The bat hits you but does no damage. x2
The bat attacks as you move away! The bat hits you.
* * * LOW HITPOINT WARNING * * *
The bat hits you but does no damage. The bat barely misses you.
The ogre attacks as you move away! The ogre barely misses you.
Found 6 boomerangs.
The bat barely misses you. The bat closely misses you.
The bat barely misses you. The bat closely misses you.
The bat attacks as you move away! The bat barely misses you.
The bat completely misses you. The frilled lizard barely misses you.
The frilled lizard attacks as you move away!
The frilled lizard closely misses you. The bat closely misses you.
The bat barely misses you.
You hit the bat.
You kill the bat!
The bat hits you but does no damage.
The frilled lizard attacks as you move away!
The frilled lizard bites you but does no damage.
The ogre looks more healthy.
The frilled lizard bites you but does no damage.
The bat hits you but does no damage. The bat attacks as you move away!
The bat hits you but does no damage. x2
The ogre hits you with a +0 giant club!
You die...
Your body disappears without a glow.

.... #.........##........#
....##.........##........#
...............#......(..#
............<....#........
............(.(...(....<..
.............†.#......†.(.
(.#.##.........#####...>..
.. #..O........# ..... .
#.lb@.......# ####
########..### #.... #.##.#
.. ..


You could see an ogre, a bat and a frilled lizard.

Vanquished Creatures
  2 adders (D:2)
  A dart slug (D:3)
  An endoplasm (D:1)
  A giant cockroach (D:2)
  6 goblins
  2 hobgoblins
  5 kobolds
  4 ball pythons
  6 bats
  2 frilled lizards (D:2)
  A rat (D:2)
31 creatures vanquished.

Notes
Turn   | Place    | Note
-------+----------+-------------------------------------------
     0 | D:1      | TaterTotHotdish the Human Brigand began the quest for the
                  | Orb.
     0 | D:1      | Reached XP level 1. HP: 16/16 MP: 1/1
     1 | D:1      | Found a runed translucent door.
   135 | D:1      | Reached XP level 2. HP: 22/22 MP: 2/2
   328 | D:2      | Reached XP level 3. HP: 13/27 MP: 3/3
   998 | D:3      | Found a snail-covered altar of Cheibriados.
  1000 | D:3      | Reached XP level 4. HP: 33/33 MP: 4/4
  1019 | D:3      | Found a glowing golden altar of the Shining One.
  1020 | D:3      | Found a broken altar of Ashenzari.
  1021 | D:3      | Found a stormy altar of Qazlal.
  1022 | D:3      | Found a sparkling altar of Nemelex Xobeh.
  1023 | D:3      | Found a hide-covered altar of Uskayaw.
  1025 | D:3      | Found a sacrificial altar of Ru.
  1085 | D:3      | Became a worshipper of Nemelex Xobeh the Trickster
  1106 | D:3      | Noticed an ogre
  1132 | D:3      | Slain by an ogre

Illustrated notes

Levels and vault maps discovered:
D:1:      dpeg_arrival_caged_fury, layout_basic,
          shapermc_ecumenical_altar_totnotflames
D:2:      layout_loops_ring
D:3:      layout_rooms, minitemple, serial_shops,
          nicolae_shop_competitors_out_of_business,
          nicolae_shop_overgrown_old_shop

Action                     |  1- 3 |  4- 6 || total
---------------------------+-------+-------++-------
  Melee: Dagger            |    50 |     3 ||    53
         Punch             |     1 |       ||     1
  Throw: Dart              |    38 |     6 ||    44
   Stab: Sleeping          |     1 |       ||     1
 Armour: Robe              |    16 |       ||    16
         Leather armour    |    11 |    23 ||    34
  Dodge: Dodged            |    51 |    28 ||    79

Table legend: (Time is in decaauts)
 A = Elapsed time spent in this place.
 B = Non-inter-level travel time spent in this place.
 C = Inter-level travel time spent in this place.
 D = Time resting spent in this place.
 E = Time spent auto-exploring this place.
 F = Levels seen in this place.
 G = Mean time per level.
                   A        B        C        D        E       F      G
               +--------+--------+--------+--------+--------+-----+--------+
         Total |   1120 |   1077 |     43 |      0 |      0 |   3 |  373.3 |
       Dungeon |   1120 |   1077 |     43 |      0 |      0 |   3 |  373.3 |
               +--------+--------+--------+--------+--------+-----+--------+

Top non-repeatable levels by time:
     D:2: 687 daAuts
     D:1: 300 daAuts
     D:3: 132 daAuts
